 Dungeon Sprint DCSS version 0.25.1-2-g60ff931df9 (webtiles) character file.

Game seed: 2410237922114852126

1301 raphialitos the Blocker (level 8, 0/83 HPs)
             Began as a Minotaur Fighter on Oct 27, 2020.
             Slain by a hornet (14 damage)
             ... in the Dungeon (Sprint I: "Red Sonja").
             The game lasted 00:02:10 (224 turns).

raphialitos the Blocker (Minotaur Fighter)           Turns: 224, Time: 00:02:11

Health: 0/83       AC:  9    Str: 22    XL:     8   Next: 31%
Magic:  7/7        EV: 10    Int:  5    God:
Gold:   297        SH: 13    Dex: 11    Spells: 7/7 levels left

rFire    . . .     SeeInvis .   a - +0 long sword
rCold    . . .     Gourm    .   c - +0 kite shield
rNeg     . . .     Faith    .   b - +0 scale mail
rPois    .         Spirit   .   (helmet restricted)
rElec    .         Reflect  .   (no cloak)
rCorr    .         Harm     .   (no gloves)
MR       .....     NoTele   +   (no boots)
Stlth    ..........             (no amulet)
HPRegen  0.23/turn              (no ring)
MPRegen  0.10/turn              (no ring)

@: lethally poisoned (0 -> -1), berserk cooldown, hasted and slowed
A: retaliatory headbutt, horns 2
a: no special abilities


You were in the Dungeon.
You were not hungry.

You visited 1 branch You collected 297 gold pieces.

Inventory:

Hand Weapons
 a - a +0 long sword (weapon)
Armour
 b - a +0 scale mail (worn)
 c - a +0 kite shield (worn)
Scrolls
 k - 2 scrolls of blinking
Potions
 e - a potion of curing
 i - 2 potions of magic
Comestibles
 f - a ration
 l - a chunk of flesh


   Skills:
 + Level 12.0 Fighting
 + Level 9.2 Long Blades
 + Level 11.7 Armour
 + Level 1.7 Dodging
 + Level 12.1 Shields


You had 7 spell levels left.
You didn't know any spells.
Your spell library was empty.

Dungeon Overview and Level Annotations

Branches:
Dungeon (1/1)

Altars:
Cheibriados
Dithmenos
Elyvilon
Fedhas
Gozag
Hepliaklqana
Kikubaaqudgha
Makhleb
Okawaru
Qazlal
Ru
Sif Muna
Trog
Uskayaw
Vehumet
Wu Jian
Xom
Yredelemnul
Zin
The Shining One
Jiyva
Lugonu

Shops:
D (


Innate Abilities, Weirdness & Mutations

You reflexively headbutt those who attack you in melee.
You have a pair of horns on your head.


Message History

You feel sick. You block the centaur warrior's attack.
You block the hornet's attack.
The centaur warrior hits you with a cursed -3 shortbow!
* * * LOW HITPOINT WARNING * * *
You closely miss the hornet.
The hornet is moderately wounded.
You block the hornet's attack.
The centaur warrior hits you with a cursed -3 shortbow!
* * * LOW HITPOINT WARNING * * *
Unknown command.
You feel sick. The hornet stings you.
* * * LOW HITPOINT WARNING * * *
You suddenly lose the ability to move!
The hornet stings you but does no damage.
You can move again.
You see here an arrow.
You slash the hornet! Your headbutt misses the hornet.
The hornet is heavily wounded.
You block the hornet's attack. The hornet stings you!
You die...

###################
#<.#..)..#.)'..#__#
#..'[.#..'..#..'^.+
#..#####'#####'#__# ##
#..# #..#...#[####%?#
#..#__####..##(#≈§§§§#
#..#_____##'#_@yc§≈..§
#⌠⌠#_.∩...'..._#§§≈§§#
####_..__##_.#+##+####


____ ##+# ### You could see a centaur warrior and a hornet.

Vanquished Creatures
  A centaur warrior (D)
  A slime creature (D)
  Sigmund (D)
  A yak (D)
  An ogre (D)
  A jelly (D)
  Ijyb (D)
7 creatures vanquished.

Vanquished Creatures (others)
  A gargoyle (D)
1 creature vanquished.

Grand Total: 8 creatures vanquished

Notes
Turn   | Place    | Note
-------+----------+-------------------------------------------
     0 | D        | raphialitos the Minotaur Fighter began the quest for the
                  | Orb.
     0 | D        | Reached XP level 1. HP: 19/19 MP: 0/0
     1 | D        | Noticed Ijyb
    16 | D        | Killed Ijyb
    16 | D        | Reached skill level 5 in Fighting
    16 | D        | Reached skill level 5 in Armour
    16 | D        | Reached skill level 5 in Shields
    16 | D        | Reached XP level 2. HP: 20/29 MP: 1/1
    88 | D        | Killed a gargoyle
   115 | D        | Noticed an ogre
   118 | D        | Killed an ogre
   118 | D        | Reached XP level 3. HP: 39/39 MP: 2/2
   118 | D        | Reached XP level 4. HP: 47/47 MP: 3/3
   122 | D        | Noticed Sigmund
   126 | D        | Killed Sigmund
   126 | D        | Reached skill level 5 in Long Blades
   126 | D        | Reached XP level 5. HP: 54/56 MP: 4/4
   126 | D        | Reached XP level 6. HP: 60/62 MP: 5/5
   134 | D        | Found a burning altar of Makhleb.
   134 | D        | Found a viscous altar of Jiyva.
   134 | D        | Found a shimmering altar of Xom.
   134 | D        | Found a corrupted altar of Lugonu.
   134 | D        | Noticed a slime creature
   138 | D        | Killed a slime creature
   138 | D        | Reached skill level 10 in Armour
   138 | D        | Reached skill level 10 in Shields
   141 | D        | Found an ornate altar of the Wu Jian Council.
   141 | D        | Found a shimmering blue altar of Sif Muna.
   143 | D        | Found a radiant altar of Vehumet.
   144 | D        | Reached skill level 10 in Fighting
   150 | D        | Found Kices's Antique Weapon Emporium.
   150 | D        | Found an ancient bone altar of Kikubaaqudgha.
   150 | D        | Found a hazy altar of Hepliaklqana.
   150 | D        | Found a stormy altar of Qazlal.
   150 | D        | Found a hide-covered altar of Uskayaw.
   150 | D        | Found a blossoming altar of Fedhas.
   150 | D        | Found a bloodstained altar of Trog.
   150 | D        | Found an iron altar of Okawaru.
   150 | D        | Found a basalt altar of Yredelemnul.
   150 | D        | Found a glowing golden altar of the Shining One.
   150 | D        | Found a snail-covered altar of Cheibriados.
   150 | D        | Found a sacrificial altar of Ru.
   150 | D        | Found a glowing silver altar of Zin.
   150 | D        | Found a shadowy altar of Dithmenos.
   150 | D        | Found a white marble altar of Elyvilon.
   150 | D        | Noticed a yak
   152 | D        | Killed a yak
   152 | D        | Reached skill level 1 in Dodging
   152 | D        | Reached XP level 7. HP: 56/73 MP: 6/6
   157 | D        | Found an opulent altar of Gozag.
   199 | D        | Noticed a centaur warrior
   199 | D        | Noticed a centaur warrior
   204 | D        | Noticed a hornet
   208 | D        | Killed a centaur warrior
   208 | D        | Reached XP level 8. HP: 83/83 MP: 7/7
   208 | D        | Paralysed by a hornet for 2 turns
   222 | D        | Paralysed by a hornet for 2 turns
   224 | D        | Slain by a hornet

Illustrated notes

Levels and vault maps discovered:
D:        dungeon_sprint_1 [red_sonja_temple_1, red_sonja_temple_small_1]

Skill      XL: |  1  2  3  4  5  6  7 |
---------------+----------------------+-----
Fighting       | 5 7 8 10 12 | 12.0
Long Blades    | 3 4 5 7 9 |  9.2
Armour         | 5 7 8 10 11 | 11.7
Shields        | 5 7 9 10 12 | 12.1
Dodging        | 1 |  1.7

Action                   |  1- 3 |  4- 6 |  7- 9 || total
-------------------------+-------+-------+-------++-------
Melee: Long sword        |    16 |     8 |    14 ||    38
       Headbutt          |     3 |     5 |     4 ||    12
  Use: Potion            |     1 |       |     3 ||     4
Armor: Scale mail        |     3 |     1 |    11 ||    15
Dodge: Dodged            |     6 |     1 |    11 ||    18
Block: Kite shield       |     6 |       |    17 ||    23
       Rpst.: Long sword |     1 |     1 |     3 ||     5
